 Dungeon Crawl Stone Soup version 0.22-a0-160-gcc81d7a (webtiles) character file.

160 Borgoz the Skirmisher (level 5, -2/48 HPs)
             Began as a Hill Orc Abyssal Knight on Feb 10, 2018.
             Was a Believer of Lugonu.
             Slain by a worker ant (3 damage)
             ... on level 4 of the Dungeon.
             The game lasted 00:04:55 (3782 turns).

Borgoz the Skirmisher (Hill Orc Abyssal Knight)     Turns: 3782, Time: 00:04:55

Health: -2/48      AC:  4    Str: 15    XL:     5   Next: 41%
Magic:  7/7        EV: 11    Int: 12    God:    Lugonu [**....]
Gold:   210        SH:  0    Dex: 11    Spells: 4/4 levels left

rFire    . . .     SeeInvis +   a - +1 hand axe
rCold    . . .     Gourm    .   (no shield)
rNeg     . . .     Faith    .   b - +1 leather armour
rPois    .         Spirit   .   (no helmet)
rElec    .         Reflect  .   (no cloak)
rCorr    .         Harm     .   (no gloves)
MR       .....                  (no boots)
Stlth    +.........             (no amulet)
HPRegen  0.16/turn              f - ring of see invisible
MPRegen  0.10/turn              (no ring)

@: no status effects
A: no striking features
a: Depart the Abyss, Bend Space, Renounce Religion


You were on level 4 of the Dungeon.
You worshipped Lugonu.
Lugonu was pleased with you.
You were not hungry.

You visited 1 branch of the dungeon, and saw 4 of its levels.
You visited the Abyss 1 time.

You collected 210 gold pieces.

Inventory:

Hand Weapons
 a - a +1 hand axe (weapon)
Armour
 b - a +1 leather armour (worn)
Jewellery
 f - a ring of see invisible (left hand)
 m - an uncursed ring of poison resistance {unknown}
Scrolls
 e - a scroll of enchant armour
 g - a scroll of teleportation
 h - a scroll of blinking
Potions
 i - 3 potions of degeneration
 j - a potion of brilliance
 k - a potion of curing
 n - a potion of might {unknown}
 q - a potion of haste {unknown}
Comestibles
 c - 5 rations
 s - a chunk of flesh


   Skills:
 + Level 5.2 Fighting
 + Level 4.9 Axes
 + Level 2.8 Armour
 + Level 1.3 Dodging
 + Level 2.7 Invocations


You had 4 spell levels left.
You didn't know any spells.

Dungeon Overview and Level Annotations

Branches:
Dungeon (4/15)
 Temple: D:4-7

Altars:
Nemelex Xobeh
Okawaru
Trog


Message History

The worker ant closely misses you.
You hit the worker ant.
The worker ant is severely wounded.
The worker ant bites you but does no damage.
You barely miss the worker ant.
The worker ant is severely wounded.
The worker ant bites you.
* * * LOW HITPOINT WARNING * * *
The worker ant bites you.
* * * LOW HITPOINT WARNING * * *
You barely miss the worker ant.
The worker ant is severely wounded.
The worker ant misses you.
You hit the worker ant.
The worker ant is almost dead.
The worker ant bites you but does no damage.
You barely miss the worker ant.
The worker ant is almost dead.
The worker ant bites you.
You die...

#.# #####.#####
#..ยง.<....# #
#.###.....###
.# ##.....(#
..#
#.#..#.####...#
#.#............
#.#..(.......!.
#.#....@a......
#.#.##.##......
#.....># #...#
##(.#### ..#
#.## # #. #.


You could see a worker ant.

Vanquished Creatures
  A worker ant (D:4)
  4 adders
  2 oozes
  3 worms
  6 dart slugs
  2 leopard geckos (D:2)
  3 orcs (D:3)
  2 ball pythons
  7 bats
  2 giant cockroaches
  3 goblins
  5 hobgoblins
  6 jackals
  5 frilled lizards
  7 kobolds
  10 rats
68 creatures vanquished.

Notes
Turn   | Place    | Note
-------+----------+-------------------------------------------
     0 | Abyss:1  | Borgoz the Hill Orc Abyssal Knight began the quest for the Orb.
     0 | Abyss:1  | Reached XP level 1. HP: 19/19 MP: 2/2
   107 | Abyss:1  | Noticed a chaos spawn
   108 | D:1      | Escaped the Abyss
   235 | D:1      | Reached XP level 2. HP: 27/27 MP: 3/3
   241 | D:1      | Reached skill level 4 in Fighting
   353 | D:1      | Reached * piety under Lugonu
   523 | D:1      | Reached XP level 3. HP: 27/33 MP: 5/5
   738 | D:1      | Reached skill level 1 in Dodging
  1382 | D:2      | Reached XP level 4. HP: 32/41 MP: 6/6
  1689 | D:2      | Reached skill level 5 in Fighting
  3100 | D:3      | Found a bloodstained altar of Trog.
  3116 | D:3      | Reached XP level 5. HP: 48/48 MP: 7/7
  3243 | D:3      | Found a sparkling altar of Nemelex Xobeh.
  3265 | D:3      | Found an iron altar of Okawaru.
  3272 | D:3      | Reached ** piety under Lugonu
  3779 | D:4      | HP: 1/48 [worker ant (6)]
  3782 | D:4      | Slain by a worker ant

Vault maps used:
D:1:      dpeg_arrival_ternary
D:2:      first_ration
D:3:      kennysheep_okawaru_gauntlet, lemuel_coloured_pillars_altar,
          bloody_trog
D:4:      minmay_temple_entry_grid, cheibrodos_sewer_entry_drain
Abyss:1:  evilmike_abyss_exit_16

Skill      XL: |  1  2  3  4 |
---------------+-------------+-----
Axes           | 3 4 |  4.9
Fighting       | 4 5 |  5.2
Dodging        | 1 |  1.3
Armour         | |  2.8
Invocations    | |  2.7

Action                   |  1- 3 |  4- 6 || total
-------------------------+-------+-------++-------
Melee: Hand axe          |    93 |   160 ||   253
Invok: Depart the Abyss  |     1 |       ||     1
  Use: Scroll            |       |     9 ||     9
       Potion            |       |     1 ||     1
 Stab: Sleeping          |       |     2 ||     2
  Eat: Chunk             |     1 |     8 ||     9
Armor: Leather armour    |    22 |    34 ||    56
Dodge: Dodged            |    47 |    93 ||   140

Table legend:
 A = Spawn XP
 B = Non-spawn XP
 C = Spawn XP percentage of total XP
 D = Spawn monster count
 E = Non-spawn monster count
 F = Spawn count percentage of total count
 G = Total turns spent on level
                    A         B        C        D         E        F      G
               +---------+---------+-------+---------+---------+-------+---------
         Total |       0 |     229 |   0.0 |       0 |      68 |   0.0 |  3782
               +---------+---------+-------+---------+---------+-------+---------
           D:1 |       0 |      55 |   0.0 |       0 |      26 |   0.0 |  1118
           D:2 |       0 |      83 |   0.0 |       0 |      24 |   0.0 |  1231
           D:3 |       0 |      48 |   0.0 |       0 |      14 |   0.0 |  1276
           D:4 |       0 |      43 |   0.0 |       0 |       4 |   0.0 |    49
               +---------+---------+-------+---------+---------+-------+---------
